 Dungeon Crawl Stone Soup version 0.16-a0-3228-ge148b08 (console) character file.

162 Fusha the Insei (level 5, 0/28 HPs)
             Began as a Vine Stalker Monk on Dec 21, 2014.
             Was a Believer of the Shining One.
             Hit by a stone thrown by a gnoll (6 damage)
             ... on level 3 of the Dungeon.
             The game lasted 00:09:30 (1708 turns).

Fusha the Insei (Vine Stalker Monk)                 Turns: 1708, Time: 00:09:30

Health: 0/28       AC:  2    Str: 14    XL:     5   Next: 43%
Magic:  0/7        EV: 14    Int: 10    God:    the Shining One [**....]
Gold:   63         SH:  0    Dex: 17    Spells: 0 memorised, 4 levels left

rFire  . . .     SeeInvis .       - Unarmed
rCold  . . .     Clarity  .     a - +0 robe
rNeg   + . .     SustAb   .     (no shield)
rPois  .         Gourm    .     (no helmet)
rElec  .         Spirit   +     (no cloak)
rCorr  .         Warding  .     (no gloves)
rMut   .         Stasis   .     (no boots)
MR     .....                    (no amulet)
Stlth  +.........               (no ring)
                                (no ring)

@: glowing, not resistant to hostile enchantments, very unstealthy
A: fangs 2, regeneration 1, magic shield, antimagic bite, no device heal 3, rot
immunity
a: Divine Shield, Renounce Religion


You were on level 3 of the Dungeon.
You worshipped the Shining One.
The Shining One was pleased with you.
You were not hungry.

You visited 1 branch of the dungeon, and saw 3 of its levels.

You collected 63 gold pieces.

Inventory:

Missiles
 d - 60 stones (quivered)
 r - 21 poisoned needles
 t - a throwing net
Armour
 a - a +0 robe (worn)
Scrolls
 f - 2 scrolls of magic mapping {unknown}
 i - 4 scrolls of remove curse {unknown}
 j - a scroll of enchant weapon {unknown}
 l - a scroll of teleportation {unknown}
 n - 2 scrolls of fog {unknown}
 p - a scroll of blinking {unknown}
 s - 2 scrolls of identify {unknown}
Potions
 e - a potion of cure mutation {unknown}
 k - 2 potions of curing {unknown}
 m - 2 potions of resistance {unknown}
 o - 2 potions of haste {unknown}
 q - a potion of invisibility {unknown}
Comestibles
 b - 4 bread rations
 c - 4 fruits
 g - 2 beef jerkies
 h - a chunk of flesh


   Skills:
 + Level 3.1 Fighting
 + Level 0.3 Throwing
 + Level 3.2 Dodging
 - Level 2.6 Stealth
 * Level 5.6 Unarmed Combat


You had 4 spell levels left.
You didn't know any spells.

Dungeon Overview and Level Annotations

Branches:
Dungeon (3/15)

Altars:
Elyvilon
Gozag
Zin
The Shining One


Innate Abilities, Weirdness & Mutations

You have extremely sharp teeth.
Your natural rate of healing is unusually fast.
When hurt, damage is shared between your health and your magic reserves.
Your bite disrupts and absorbs the magic of your enemies.
Potions and wands cannot restore your health.
You are immune to rotting.


Message History

The gnoll is moderately wounded.
The gnoll misses you. x2
You barely miss the gnoll. Your bite misses the gnoll.
The gnoll is moderately wounded.
The gnoll hits you! The gnoll closely misses you.
You hit the gnoll. You bite the gnoll. You drain its power.
You feel invigorated.
The gnoll is almost dead.
The gnoll completely misses you.
You hit the gnoll but do no damage. You bite the gnoll, but do no damage.
The gnoll is almost dead.
The gnoll hits you from afar with a spear.
The gnoll hits you!
* * * LOW HITPOINT WARNING * * *
The gnoll throws a stone.
The stone barely misses you.
The gnoll throws a stone.
The stone closely misses you.
The gnoll throws a stone.
The stone misses you.
You see here a stone.
The gnoll throws a stone.
The stone hits you!
You die...

. . ########..... .... #....
...##.....#. #.......#.#.#
#.##.......
.#.......#.#.#######..........
....._.......#................
#.......#....................
#...... #..##........#.....#.
.... #..##.(.....)#.....#
....####.####.g(@........#.....#
<.......(()..............#...<.#
...........g.............#######
......###..#...#........# ....##
#####.##........# ...
############# .


You could see 2 gnolls.

Vanquished Creatures
  8 adders
  2 gnolls
  A giant mite (D:2)
  A worm (D:2)
  3 giant geckos
  A ball python (D:1)
  6 bats
  A giant cockroach (D:2)
  4 goblins
  9 hobgoblins
  7 jackals (D:1)
  8 kobolds
  2 giant newts
  7 rats
60 creatures vanquished.

Notes
Turn   | Place    | Note
--------------------------------------------------------------
     0 | D:1      | Fusha, the Vine Stalker Monk, began the quest for the Orb.
     0 | D:1      | Reached XP level 1. HP: 11/11 MP: 1/1
   187 | D:1      | Reached XP level 2. HP: 11/16 MP: 0/3
   406 | D:1      | Reached XP level 3. HP: 19/19 MP: 4/4
   903 | D:2      | Reached skill level 5 in Unarmed Combat
   983 | D:2      | Reached XP level 4. HP: 20/23 MP: 3/5
  1441 | D:2      | Reached XP level 5. HP: 28/28 MP: 7/7
  1602 | D:2      | Found a glowing silver altar of Zin.
  1603 | D:2      | Found a glowing golden altar of the Shining One.
  1604 | D:2      | Found a white marble altar of Elyvilon.
  1610 | D:2      | Became a worshipper of the Shining One
  1610 | D:2      | Acquired the Shining One's first power
  1610 | D:2      | Acquired the Shining One's second power
  1687 | D:3      | Found an opulent altar of Gozag.
  1708 | D:3      | Hit by a stone thrown by a gnoll

Action                   |  1- 3 |  4- 6 || total
-------------------------+-------+-------++-------
Melee: Unarmed           |   104 |    79 ||   183
Throw: Stone             |     4 |       ||     4
 Stab: Sleeping          |     3 |       ||     3
  Eat: Chunk             |       |     3 ||     3
